 Seeded DCSS version 0.28-a0-1613-gdaab1c2f9b (webtiles) character file.

Game seed: 11 (custom seed)

2107 knot the Thrower (level 9, -4/63 HPs)
             Began as a Demonspawn Berserker on Jan 21, 2022.
             Was a Believer of Trog.
             Slain by a killer bee (6 damage)
             ... on level 6 of the Dungeon.
             The game lasted 00:09:06 (9152 turns).

knot the Thrower (Demonspawn Berserker)             Turns: 9152, Time: 00:09:06

Health: -4/63      AC:  7    Str: 18      XL:     9   Next: 7%
Magic:  9/9        EV: 11    Int: 13      God:    Trog [**....]
Gold:   310        SH:  0    Dex: 11 (12) Spells: 8/8 levels left

rFire   + . .      SeeInvis .   B - +3 spear (venom)
rCold   + . .      Faith    .   (no shield)
rNeg    . . .      Spirit   .   I - +0 ring mail
rPois   .          Reflect  .   (no helmet)
rElec   .          Harm     .   D - scarf {rC+ rF+}
rCorr   .          Rampage  .   H - +0 pair of gloves
Will    ++...                   w - +0 pair of boots
Stlth   +.........              y - amulet of magic regeneration
HPRegen 1.20/turn               (no ring)
MPRegen 0.62/turn               (no ring)

@: lethally poisoned (-4 -> -23), strong-willed, regenerating
A: powered by death 2, magic regeneration, sturdy frame 1, weakness stinger 1
a: Renounce Religion, Berserk, Trog's Hand


You were on level 6 of the Dungeon.
You worshipped Trog.
Trog was pleased with you.
You visited 1 branch of the dungeon, and saw 6 of its levels.
You also visited: Sewer.

You collected 310 gold pieces.

Inventory:

Hand Weapons
 a - a +0 hand axe
 h - a +1 dagger of electrocution
 B - a +3 spear of venom (weapon)
Missiles
 d - 111 stones
 j - 5 boomerangs (quivered)
 r - 2 atropa-tipped darts
 C - 27 sling bullets
Armour
 w - a +0 pair of boots (worn)
 D - a scarf of resistance (worn)
 H - a +0 pair of gloves (worn)
 I - a +0 ring mail (worn)
Jewellery
 y - an amulet of magic regeneration (around neck)
Wands
 z - a wand of charming (4)
Scrolls
 b - a scroll of blinking {unknown}
 l - a scroll of enchant weapon
 m - 2 scrolls of fog
 p - a scroll of summoning
 q - 4 scrolls of teleportation
 u - 2 scrolls of fear
 E - a scroll of vulnerability
 F - a scroll of immolation {unknown}
 G - a scroll of identify
Potions
 c - 5 potions of brilliance
 f - 4 potions of mutation
 g - a potion of attraction
 i - 3 potions of lignification
 k - 3 potions of curing
 n - a potion of magic
 o - a potion of haste {unknown}
 s - 2 potions of cancellation {unknown}
 t - a potion of berserk rage {unknown}
 v - 2 potions of flight {unknown}
 x - 2 potions of invisibility {unknown}
 A - 2 potions of might {unknown}


   Skills:
 - Level 3.0 Fighting
 + Level 7.5 Axes
 * Level 8.3 Throwing
 - Level 1.7 Armour
 - Level 1.7 Dodging


You had 8 spell levels left.
You didn't know any spells.
Your spell library contained the following spells:

 Spells                   Type           Power      Damage    Failure   Level
 Blink                    Tloc           0%         N/A       52%         2
 Frozen Ramparts          Ice            0%         1d2       77%         3
 Ice Form                 Ice/Tmut       0%         N/A       99%         4
 Summon Ice Beast         Ice/Summ       0%         N/A       99%         4
 Manifold Assault         Tloc           0%         N/A       100%        5
 Storm Form               Tmut/Air       0%         N/A       100%        7


Dungeon Overview and Level Annotations

Branches:
Dungeon (6/15)              Sewer (visited)
 Temple: D:4-7

Altars:
Ashenzari
Cheibriados
Dithmenos
Elyvilon
Makhleb
Ru
Trog
Vehumet
Yredelemnul


Innate Abilities, Weirdness & Mutations

You regenerate health from kills.
You regenerate magic rapidly.
Your movements are slightly less encumbered by armour. (ER -2)
You have a small tail.


Message History

The killer bee stings you.
The killer bee stings you but does no damage.
You miss the killer bee.
The killer bee is heavily wounded.
You feel sick. The killer bee closely misses you.
You feel very sick. The killer bee barely misses you.
The killer bee closely misses you.
The killer bee stings you but does no damage.
The killer bee misses you.
You closely miss the killer bee.
The killer bee is heavily wounded.
You feel sick. The killer bee stings you. The killer bee closely misses you.
The killer bee stings you.
You are too injured to fight recklessly!
You are too injured to fight recklessly!
You are too injured to fight recklessly!
You are too injured to fight recklessly!
You feel sick. The killer bee stings you. x2
* * * LOW HITPOINT WARNING * * *
You are more poisoned.
The killer bee poisons you! The killer bee barely misses you.
Your skin crawls.
You feel strong-willed.
You feel very sick.
The killer bee stings you but does no damage. x2
The killer bee barely misses you.
The killer bee stings you but does no damage.
Unknown command.
Aiming: Charm
Press: ? - help, Shift-Dir - straight line, f - killer bee
Aim: a killer bee (chance to affect: 57%)
The killer bee resists with significant effort.
You feel sick. The killer bee misses you. The killer bee stings you.
* * * LOW HITPOINT WARNING * * *
You are lethally poisoned!
The killer bee poisons you! The killer bee stings you.
* * * LOW HITPOINT WARNING * * *
You are more poisoned.
The killer bee poisons you! The killer bee stings you.
You die...

#....# ..#...# #......##
#....# #)#...# #......#
....# #.#...####......#
#..# #.#......+......#
###..###.#.#.####......#
#............<.........#
#.#.#######..###.#######
#.........#......#
#.#.....@y#.....##
#.#.###.#y#...#.#
#.#.....#.#...#.#
#########.#.#.#.#
..#.#.#. #.#.#.. #.# ###


You could see 2 killer bees.

Vanquished Creatures
  Eustachio (D:4)
  2 sky beasts (D:6)
  A black bear (D:6)
  4 ogres (D:5)
  2 centaurs
  2 necrophages
  2 phantoms
  A wyvern zombie (D:5)
  2 scorpions
  2 wyvern skeletons (D:6)
  3 killer bees (D:6)
  A gnoll shaman (D:6)
  2 hounds
  2 bullfrog skeletons
  2 iguanas
  A howler monkey zombie (D:6)
  6 gnolls
  2 howler monkey skeletons (D:6)
  5 adders
  7 river rats
  A worm (D:2)
  A dart slug (D:3)
  An orc (D:3)
  6 endoplasms
  4 giant cockroaches
  4 goblins
  3 hobgoblins
  4 jackals
  2 quokkas
  11 ball pythons
  8 bats
  5 frilled lizards
  7 kobolds
  16 rats
123 creatures vanquished.

Vanquished Creatures (collateral kills)
  A white imp (D:6)
1 creature vanquished.

Vanquished Creatures (others)
  A gnoll sergeant (D:6)
1 creature vanquished.

Grand Total: 125 creatures vanquished

Notes
Turn   | Place    | Note
-------+----------+-------------------------------------------
     0 | D:1      | knot the Demonspawn Berserker began the quest for the Orb.
     0 | D:1      | Reached XP level 1. HP: 18/18 MP: 1/1
   216 | D:1      | Gained mutation: You regenerate a little health from kills.
                  | [demonic ancestry]
   216 | D:1      | Reached XP level 2. HP: 24/24 MP: 2/2
   623 | D:1      | Found a faded altar of an unknown god.
   970 | D:2      | Reached ** piety under Trog
  1029 | D:2      | Gained mutation: Your movements are slightly less
                  | encumbered by armour. (ER -2) [demonic ancestry]
  1029 | D:2      | Reached XP level 3. HP: 25/29 MP: 3/3
  1809 | D:3      | Found a glowing drain.
  1821 | D:3      | Reached XP level 4. HP: 18/35 MP: 4/4
  1829 | Sewer    | Entered a sewer
  2064 | Sewer    | Reached skill level 1 in Throwing
  2469 | Sewer    | Reached *** piety under Trog
  2518 | Sewer    | Reached XP level 5. HP: 21/41 MP: 5/5
  3236 | D:3      | Reached skill level 2 in Throwing
  3605 | D:3      | Found a shadowy altar of Dithmenos.
  3608 | D:3      | Found a bloodstained altar of Trog.
  3609 | D:3      | Found a basalt altar of Yredelemnul.
  3609 | D:3      | Found a radiant altar of Vehumet.
  3609 | D:3      | Found a burning altar of Makhleb.
  3611 | D:3      | Found a broken altar of Ashenzari.
  3612 | D:3      | Found a snail-covered altar of Cheibriados.
  3614 | D:3      | Found a sacrificial altar of Ru.
  3836 | D:4      | Reached skill level 5 in Axes
  4070 | D:4      | Reached skill level 3 in Throwing
  4075 | D:4      | Gained mutation: You have a small tail. [demonic ancestry]
  4075 | D:4      | Reached XP level 6. HP: 39/47 MP: 6/6
  4624 | D:4      | Noticed Eustachio
  4632 | D:4      | Killed Eustachio
  4633 | D:4      | Reached skill level 4 in Throwing
  4834 | D:4      | Gained mutation: You regenerate health from kills. [demonic
                  | ancestry]
  4834 | D:4      | Reached XP level 7. HP: 27/52 MP: 7/7
  5350 | D:5      | Entered Level 5 of the Dungeon
  5675 | D:5      | Reached skill level 5 in Throwing
  6305 | D:5      | Reached skill level 6 in Throwing
  6305 | D:5      | Reached XP level 8. HP: 58/58 MP: 8/8
  7695 | D:6      | Reached skill level 7 in Throwing
  8206 | D:6      | Reached skill level 8 in Throwing
  9129 | D:6      | Gained mutation: You regenerate magic rapidly. [demonic
                  | ancestry]
  9129 | D:6      | Reached XP level 9. HP: 63/63 MP: 9/9
  9152 | D:6      | HP: 2/63 [killer bee (6)]
  9152 | D:6      | Slain by a killer bee

Illustrated notes

Levels and vault maps discovered:
D:1:      minmay_arrival_nine_rooms, layout_rooms, basic_ecumenical_altar
D:2:      layout_basic
D:3:      layout_loops_ring, minitemple, portal_sewer_entry_b,
          lemuel_old_faithful
D:4:      layout_basic, uniq_eustachio
D:5:      layout_layer_cave, minivault_24
D:6:      minmay_chambers_of_threes, layout_basic

Skill      XL: |  1  2  3  4  5  6  7  8 |
---------------+-------------------------+-----
Axes           | 3 4 5 6 7 |  7.5
Throwing       | 1 3 4 6 8 |  8.3
Fighting       | |  3.0
Armour         | |  1.7
Dodging        | |  1.7

Action                   |  1- 3 |  4- 6 |  7- 9 || total
-------------------------+-------+-------+-------++-------
Melee: Hand axe          |    46 |    26 |    80 ||   152
       Dagger            |    85 |   140 |       ||   225
       Punch             |       |     3 |       ||     3
       Tailslap          |       |     4 |    18 ||    22
       Spear             |       |       |    36 ||    36
Throw: Stone             |       |     4 |       ||     4
       Boomerang         |       |     4 |    60 ||    64
Invok: Berserk           |     2 |     4 |     8 ||    14
       Trog's Hand       |       |     1 |     1 ||     2
Evoke: Wand              |       |       |     2 ||     2
  Use: Scroll            |       |       |    11 ||    11
       Potion            |       |       |     2 ||     2
 Stab: Sleeping          |       |     2 |       ||     2
Armor: Animal skin       |     3 |       |       ||     3
       Leather armour    |    43 |    25 |    20 ||    88
       Ring mail         |       |       |     8 ||     8
Dodge: Dodged            |    75 |    78 |    52 ||   205

Table legend: (Time is in decaauts)
 A = Elapsed time spent in this place.
 B = Non-inter-level travel time spent in this place.
 C = Inter-level travel time spent in this place.
 D = Time resting spent in this place.
 E = Time spent auto-exploring this place.
 F = Levels seen in this place.
 G = Mean time per level.
                   A        B        C        D        E       F      G
               +--------+--------+--------+--------+--------+-----+--------+
         Total |   9317 |   8997 |    320 |   2666 |   5297 |   7 | 1331.0 |
       Dungeon |   8083 |   7763 |    320 |   2052 |   4905 |   6 | 1347.2 |
         Sewer |   1233 |   1233 |      0 |    613 |    392 |   1 | 1233.0 |
               +--------+--------+--------+--------+--------+-----+--------+

Top non-repeatable levels by time:
     D:5: 2132 daAuts
     D:6: 1716 daAuts
     D:4: 1712 daAuts
   Sewer: 1233 daAuts
     D:2: 947 daAuts
     D:1: 859 daAuts
     D:3: 715 daAuts
